 Dungeon Crawl Stone Soup version bcrawl-1.19.1 (webtiles) character file.

Game seed: 8427773789283168544

595 Freyura the Skirmisher (level 7, -3/62 HPs)
             Began as a Hill Orc Fighter on Nov 29, 2019.
             Slain by an iguana (12 damage)
             ... on level 4 of the Dungeon.
             The game lasted 00:08:23 (2675 turns).

Freyura the Skirmisher (Hill Orc Fighter)           Turns: 2675, Time: 00:08:24

Health: -3/62      AC:  8    Str: 19    XL:     7   Next: 40%
Magic:  7/7        EV: 10    Int:  8    God:
Gold:   267        SH:  9    Dex:  9    Spells: 6/6 levels left

rFire    . . .     SeeInvis .   r - +0 morningstar
rCold    . . .     Gourm    .   c - +0 shield
rNeg     . . .     Faith    .   s - +0 troll leather armour {Purgy}
rPois    .         Spirit   .   (no helmet)
rElec    .         Reflect  .   h - +1 cloak
rCorr    .         Harm     .   i - +0 pair of gloves
MR       .....                  (no boots)
Stlth    +.........             (no amulet)
HPRegen  0.60/turn              e - -3 ring of dexterity (curse)
MPRegen  0.10/turn              (no ring)

@: no status effects
A: no striking features
a: no special abilities


You were on level 4 of the Dungeon.
You were hungry.

You visited 1 branch of the dungeon, and saw 4 of its levels.

You collected 267 gold pieces.

Inventory:

Hand Weapons
 a - a +1 flail
 r - a +0 morningstar (weapon)
Armour
 c - a +0 shield (worn)
 h - a +1 cloak (worn)
 i - a +0 pair of gloves (worn)
 s - a +0 troll leather armour (worn) {Purgy}
Jewellery
 e - a cursed -3 ring of dexterity (left hand)
Wands
 d - a wand of polymorph (5)
 k - a wand of flame (16)
 u - a wand of paralysis (9)
Scrolls
 l - a scroll of teleportation
 o - a scroll of identify
 p - a scroll of immolation
 t - 2 scrolls of magic mapping
Potions
 g - a potion of haste {unknown}
 j - 2 potions of brilliance
 m - a potion of mutation {unknown}
 q - 2 potions of curing {unknown}
Comestibles
 f - 11 rations {!d}


   Skills:
 * Level 5.8 Fighting
   Level 5.8 Short Blades
   Level 5.8 Long Blades
   Level 5.8 Axes
   Level 5.8 Maces & Flails
   Level 5.8 Polearms
   Level 5.8 Staves
 + Level 4.9 Armour
 + Level 2.5 Dodging
 + Level 5.0 Shields
   Level 5.8 Unarmed Combat


You had 6 spell levels left.
You didn't know any spells.
Your spell library contained the following spells:

 Spells                   Type           Power        Failure   Level  Hunger
 Apportation              Tloc           #.....       88%         1    ##.....
 Infusion                 Chrm           #.......     88%         1    ##.....
 Sandblast                Erth           #.....       88%         1    ##.....
 Slow                     Hex            #.......     88%         1    ##.....
 Summon Butterflies       Summ           #.......     88%         1    ##.....


Dungeon Overview and Level Annotations

Branches:
Dungeon (4/12)
 Temple: D:4-7

Altars:


Message History

You closely miss the iguana. The iguana bites you.
* * * LOW HITPOINT WARNING * * *
The iguana misses you.
You barely miss the iguana.
The iguana bites you but does no damage.
You sock the iguana!
The iguana is heavily wounded.
The iguana barely misses you.
You hit the iguana.
The iguana is heavily wounded.
You are feeling hungry.
You block the ball python's attack. The ball python barely misses you.
The iguana bites you!
* * * LOW HITPOINT WARNING * * *
The ball python bites you but does no damage.
The ball python barely misses you.
You barely miss the iguana.
The iguana is heavily wounded.
The iguana bites you!
You die...

#.........#..
#.........####
..........#
#####..!..#######
####........#
.#########........#
..................#
.............$....#
......S@†.........#
#?.....l..........#
.#................#
#.....###........#
#.#.... #........#
. #.... #........
###.# ....... ..
.....


You could see an iguana and a ball python.

Vanquished Creatures
  Purgy (D:3)
  An ice beast (D:4)
  A bullfrog (D:4)
  A scorpion (D:4)
  A crimson imp (D:4)
  A hound (D:4)
  Crazy Yiuf (D:3)
  A centaur skeleton (D:3)
  Ijyb (D:3)
  5 adders
  An ooze (D:2)
  4 worms
  4 dart slugs
  3 leopard geckos
  7 orcs (D:3)
  3 giant cockroaches (D:2)
  4 goblins
  10 hobgoblins
  5 jackals (D:2)
  9 kobolds
  A quokka (D:3)
  A ball python (D:1)
  3 bats
  4 frilled lizards
  A jackal skeleton (D:4)
  7 rats
81 creatures vanquished.

Notes
Turn   | Place    | Note
-------+----------+-------------------------------------------
     0 | D:1      | Freyura the Hill Orc Fighter began the quest for the Orb.
     0 | D:1      | Reached XP level 1. HP: 20/20 MP: 1/1
    64 | D:1      | Reached XP level 2. HP: 26/27 MP: 2/2
   715 | D:2      | Reached XP level 3. HP: 34/34 MP: 3/3
  1082 | D:2      | Reached skill level 1 in Dodging
  1348 | D:2      | Reached XP level 4. HP: 41/41 MP: 4/4
  1632 | D:3      | Found a faded altar of an unknown god.
  1730 | D:3      | Reached XP level 5. HP: 47/47 MP: 5/5
  1829 | D:3      | Noticed Purgy
  1837 | D:3      | Killed Purgy
  1837 | D:3      | Reached skill level 5 in Fighting
  1837 | D:3      | Reached XP level 6. HP: 56/56 MP: 6/6
  1952 | D:3      | Noticed Ijyb
  1969 | D:3      | Killed Ijyb
  2138 | D:3      | Found a runed door.
  2143 | D:3      | Noticed Crazy Yiuf
  2155 | D:3      | Killed Crazy Yiuf
  2616 | D:4      | Noticed an ice beast
  2627 | D:4      | Killed an ice beast
  2627 | D:4      | Reached XP level 7. HP: 53/62 MP: 7/7
  2665 | D:4      | Reached skill level 5 in Shields
  2675 | D:4      | Slain by an iguana

Skill      XL: |  1  2  3  4  5  6  7 |
---------------+----------------------+-----
Dodging        | 1 2 |  2.5
Shields        | 4 5 |  5.0
Armour         | 4 |  4.9
Fighting       | 5 |  5.8
Short Blades   | |  5.8
Long Blades    | |  5.8
Axes           | |  5.8
Maces & Flails | |  5.8
Polearms       | |  5.8
Staves         | |  5.8
Unarmed Combat | |  5.8

Action                   |  1- 3 |  4- 6 |  7- 9 || total
-------------------------+-------+-------+-------++-------
Melee: Flail             |   135 |   118 |       ||   253
       Morningstar       |       |    79 |    28 ||   107
  Use: Scroll            |     7 |     2 |       ||     9
       Potion            |       |     2 |       ||     2
  Eat: Chunk             |     2 |     4 |       ||     6
Armor: Scale mail        |    83 |    47 |       ||   130
       Troll leather arm |       |    23 |    13 ||    36
       Skin              |       |     3 |       ||     3
Dodge: Dodged            |    55 |    67 |    17 ||   139
Block: Shield            |    73 |   107 |    17 ||   197
